Match 35180807
Unlisted

Match 35180807
End
Construct Infanterie Kompanie
Kettenkrad Recon Vehicle
Selects Mechanized Battlegroup
MG 42 Machine Gun Team
MG 42 Machine Gun Team
GrW 34 Mortar Team
Infanterie Officer Quarters
MG 42 Bunker
Selects Mobile Repair Stations
Medical Bunker
Construct Panzergrenadier Kompanie
Selects Spotting Scopes
251 Medium Carrier
251 Medium Carrier
Panzergrenadier Officer Quarters
Panzergrenadier Squad
Support Elements
Panzergrenadier Squad
251 Medium Carrier
Selects Wespe Self-propelled Artillery
Nebelwerfer 42 Rocket Launcher Team
Wespe Self-propelled Artillery
Pak 40 Anti-tank Gun Team
Panzergrenadier Squad
Pioneer Squad
Construct Panzer Kompanie
Selects Zeroing Artillery Barrage
Selects Zeroing Artillery Barrage
Zeroing Artillery Barrage
Panzergrenadier Squad
Selects Raid Package
Selects 8 Rad Armored Car
Selects UNKNOWN (2160084)
Wespe Self-propelled Artillery
Hatebasher
Frank Miao
尛傻瓜
皮皮
Valkyre~117~
Totentanz
shoo ed
[OldMetal]Mario
0
0

Comments sign in to comment!

No comments posted yet!